Unix NetHack Version 5.0.0-0 post-release - last build Jun 10 2026 00:39:30 (3ee93aec679c4c4259841fe613dc97188e26a321,branch:main).

Game began 2026-06-24 00:17:09, ended 2026-06-24 19:04:55.

IceCreamJones, chaotic female human Rogue

                                    -----    -----
                   ----------       |...|###(....|        --------
 -----------       |)..`._.`|   ####....|#   |...|    ####.......|
 |.........|       |....)...-####   |....#  #.....#####   |..<...|
 |........d.##d#f##-..>.....|  #    |...|#   |...|   ##   |......|
 |<........|      #|........|  #    |...|####....|    ####.......|
 -|------.--      #|.......^|  #    -----#   -|-[-        |......|
  ####  ##         --------.-  # #########    ^ #         ------|-
     #  #              ################# #      ####            #
     #  #       ######## #               #         #            #
    -.--|-    ###        #               #         #          ###
    |....-#####       ####               #         #         -.---
    |....|       -----.------            #         ###       |...|
    |.....####   |..........|            ###---------.-      |.[.|
    |...{|   ####.....(.....|              #..........|      |...|
    ------       |..........|               |.........|      -----
                 ------------               |.........|
                                            -----------

IceCreamJones the Rogue  St:14 Dx:18 Co:16 In:11 Wi:13 Ch:11  Chaotic
Dlvl:7  $:0  HP:0(64) Pw:30(30) AC:-3 Xp:9 T:16524  Burdened

Latest messages:
 The gargoyle hits!
 The gargoyle hits again!
 The gargoyle bites!
 #
 Are you sure you want to pray? [yn] (n)
 You begin praying to Kos.
 You are surrounded by a shimmering light.
 The gargoyle starts to attack you, but pulls back.
 The gargoyle starts to attack you, but pulls back.
 The gargoyle starts to attack you, but pulls back.
 You finish your prayer.
 You feel that Kos is well-pleased.
 You feel much better.
 You miss the gargoyle.
 You hit the gargoyle.
 The gargoyle misses!
 The gargoyle hits!
 The gargoyle bites!
 You miss the gargoyle.
 The gargoyle misses!
 The gargoyle hits!
 The gargoyle misses!
 What do you want to wield? [- aluI or ?*]
 a - an uncursed elven broadsword named Orcrist (weapon in right hand).
 The gargoyle hits!
 The gargoyle misses!
 The gargoyle misses!
 You miss the gargoyle.
 The gargoyle hits!
 The gargoyle hits again!
 The gargoyle misses!
 The gargoyle hits!
 The gargoyle misses!
 The gargoyle bites!
 You hit the gargoyle!
 The gargoyle hits!
 The gargoyle misses!
 The gargoyle bites!
 You hit the gargoyle!
 The gargoyle hits!
 The gargoyle hits again!
 The gargoyle bites!
 You swap places with your housecat.
 The warg bites!
 You die...
 Do you want your possessions identified? [ynq] (y)
 Do you want to see your attributes? [ynq] (y)
 Do you want an account of creatures vanquished? [ynaq] (y)
 Do you want to see your conduct and achievements? [ynq] (y)
 Do you want to see the dungeon overview? [ynq] (y)

Inventory:
 Amulets  ('"')
  B - an uncursed amulet of reflection (being worn)
 Weapons  (')')
  l - 14 +0 daggers (at the ready)
  I - the blessed +1 Sting (alternate weapon; not wielded)
  a - the fireproof +3 Orcrist (weapon in right hand)
 Armor    ('[')
  E - an uncursed +1 helm of brilliance (being worn)
  x - an uncursed +0 pair of leather gloves (being worn)
  L - an uncursed +0 pair of iron shoes (being worn)
  n - a blessed +1 cloak of invisibility (being worn)
  X - an uncursed +0 dwarvish mithril-coat (being worn)
 Comestibles  ('%')
  Z - an uncursed slime mold
  t - 2 uncursed food rations
  e - 2 uncursed lizard corpses
 Wands    ('/')
  D - a cursed wand of slow monster (0:5)
  d - a wand of striking (0:6)
  h - a cursed wand of teleportation (0:5)
  j - a wand of undead turning (0:0)
 Tools    ('(')
  b - a blessed bag of holding containing 28 items
  g - an uncursed blindfold
  r - an uncursed lock pick
  w - an uncursed magic whistle
  u - a +0 unicorn horn

Contents of the bag of holding:
  396 gold pieces
  a rustproof +0 aklys
  6 cursed apples
  2 uncursed carrots
  5 uncursed food rations
  an uncursed tripe ration
  2 uncursed lichen corpses
  an uncursed lizard corpse
  2 uncursed scrolls of blank paper
  a cursed scroll of blank paper
  an uncursed scroll of create monster
  2 uncursed scrolls of earth
  an uncursed scroll of enchant armor
  an uncursed scroll of identify
  an uncursed scroll of light
  4 uncursed potions of healing
  a cursed potion of paralysis
  2 uncursed potions of water
  an uncursed ring of shock resistance
  an uncursed ring of warning
  a wand of polymorph (0:4)
  a wand of striking (0:5)
  an uncursed magic lamp
  a +0 pick-axe
  an uncursed saddle
  2 uncursed amber stones
  2 uncursed worthless pieces of white glass
  2 cursed worthless pieces of yellowish brown glass

IceCreamJones the Rogue's attributes:

Background:
 You were a Rogue, level 9 female human.
 You were chaotic, on a mission for Kos
 who was opposed by Issek (lawful) and Mog (neutral).
 You were right-handed.
 You were in the Dungeons of Doom, on level 7.
 You entered the dungeon 16524 turns ago.
 You had 3591 experience points, 1529 more were needed to attain level 10.

Basics:
 You had 0 out of 64 hit points.
 You had all 30 energy points (spell power).
 Your armor class was -3.
 Your wallet was empty, but
 you had 396 zorkmids stashed away in your pack.
 Autopickup was off.

Final Characteristics:
 Your strength was 14 (limit:18/100).
 Your dexterity was 18 (limit:18).
 Your constitution was 16 (limit:18).
 Your intelligence was 11 (base:10, limit:18).
 Your wisdom was 13 (base:12, limit:18).
 Your charisma was 11 (limit:18).

Final Status:
 You weren't hungry.
 You were burdened; movement was slightly slowed.
 You were wielding a broadsword.
 You were skilled in broadsword.

Final Attributes:
 You were piously aligned.
 You were shock resistant.
 You were telepathic.
 You were aware of the presence of orcs.
 You were invisible.
 You were stealthy.
 You were guarded.
 You had reflection.
 You are dead.

Miscellaneous:
 You encountered 1 bones level.
 Total elapsed playing time was 3 hours, 21 minutes and 11 seconds.

Major events:
 Turn
    1: IceCreamJones the chaotic female human Rogue entered the dungeon
 1024: entered the Gnomish Mines
 1450: attained the rank of Cutpurse (level 3)
 4882: attained the rank of Rogue (level 6)
 6952: chose an elven dagger to be named "Sting"
 7619: was bestowed with Orcrist by Kos
10142: reached Mine Town
14421: entered Sokoban
15053: completed 1st Sokoban level
16524: killed by a warg

You didn't know any spells.

Skills:
 Fighting Skills
   bare handed combat [Unskilled]
   two weapon combat  [Unskilled]
   riding             [Unskilled]
 Weapon Skills
   dagger             [Skilled]
   knife              [Unskilled]
   short sword        [Skilled]
   broadsword         [Skilled]
   long sword         [Unskilled]
   two-handed sword   [Unskilled]
   saber              [Unskilled]
   club               [Unskilled]
   mace               [Unskilled]
   morning star       [Unskilled]
   flail              [Unskilled]
   hammer             [Unskilled]
   polearms           [Unskilled]
   spear              [Unskilled]
   crossbow           [Unskilled]
   dart               [Unskilled]
   shuriken           [Unskilled]
 Spellcasting Skills
   divination spells  [Unskilled]
   escape spells      [Unskilled]
   matter spells      [Unskilled]

Voluntary challenges:
 Character rerolling was not enabled.
 You never genocided any monsters.
 You never polymorphed an object.
 You never changed form.
 You used no wishes.
 You did not violate any of the special Sokoban rules.
Achievements:
 You entered a shop.
 You entered the Gnomish Mines.
 You attained the rank of Cutpurse.
 You attained the rank of Rogue.
 You entered Minetown.
 You entered a temple.
 You entered Sokoban.

 The Dungeons of Doom: levels 1 to 8
    Level 1:
    Level 2:
       A general store.
       Stairs down to The Gnomish Mines.
    Level 3:
       A general store, an altar to Kos.
    Level 4:
       Some fountains.
    Level 5:
       A potion shop, some fountains.
    Level 6:
       Many fountains.
       Final resting place for
          pots164-Kni-Hum-Fem-Law, slipped while mounting a saddled pony.
    Level 7: <- You were here.
       An altar to Kos, a fountain.
       Stairs up to Sokoban, level 6.
       Final resting place for
          you, killed by a warg.
    Level 8:
       A sink.
 The Gnomish Mines: levels 3 to 6
    Level 3:
    Level 4:
    Level 5:
       Many shops, a temple and an altar, some fountains.
    Level 6:
 Sokoban: levels 6 up to 5
    Level 5:
       Unsolved.
    Level 6:
       Solved.


Vanquished creatures:
  a ghost
  a warg
  2 small mimics
  a warhorse
  a gelatinous cube
  a large dog
  a tiger
  a red naga
  a wraith
  a watchman
  2 giant beetles
  2 quivering blobs
  a wolf
  3 leprechauns
  a gnome ruler
  a dwarf mummy
  a rust monster
 an owlbear
  a yeti
  a werewolf
  5 lizards
  a housecat
  a jaguar
  a dwarf leader
  3 blue jellies
  a gray unicorn
  2 gnome mummies
  3 snakes
 an ape
  a soldier ant
  2 fire ants
  a bugbear
  2 wood nymphs
  2 water nymphs
 10 Mordor orcs
 20 Uruk-hai
  3 orc shamans
  2 rock piercers
  2 rock moles
  5 ponies
  a fog cloud
  2 yellow lights
  a shrieker
  a violet fungus
  9 gnome leaders
  2 gnomish wizards
  a kobold mummy
  a gray ooze
  4 elf zombies
  2 ghouls
  a straw golem
  2 paper golems
  6 giant ants
  2 little dogs
  2 floating eyes
  a kitten
 17 dwarves
  3 kobold leaders
  2 kobold shamans
 14 rothes
  a rabid rat
  a centipede
  6 giant bats
  a monkey
  2 orc zombies
  5 dwarf zombies
  2 wererats
  a werejackal
  8 iguanas
  4 acid blobs
  4 coyotes
  2 gas spores
  6 hobbits
  a large kobold
  3 hobgoblins
  a giant rat
  3 cave spiders
  a brown mold
  3 yellow molds
  3 green molds
  a red mold
 22 gnomes
 11 garter snakes
  4 gnome zombies
 11 geckos
 12 jackals
  6 foxes
  3 goblins
  4 sewer rats
  3 grid bugs
  3 bats
 11 lichens
  5 kobold zombies
 11 newts
332 creatures vanquished.

No species were genocided or became extinct.

Game over:
                       ----------
                      /          \
                     /    REST    \
                    /      IN      \
                   /     PEACE      \
                  /                  \
                  |  IceCreamJones   |
                  |      396 Au      |
                  | killed by a warg |
                  |                  |
                  |                  |
                  |                  |
                  |       2026       |
                 *|     *  *  *      | *
        _________)/\\_//(\/(/\)/\//\/|_)_______

Goodbye IceCreamJones the Rogue...

You died in The Dungeons of Doom on dungeon level 7 with 13221 points,
and 396 pieces of gold, after 16524 moves.
You were level 9 with a maximum of 64 hit points when you died.

